 Dungeon Crawl Stone Soup version 0.29-a0-334-gb41bcbb86e (webtiles) character file.

Game seed: 2469317817843415541

1018 zeratav the Insei (level 8, -8/54 HPs)
             Began as an Octopode Transmuter on Apr 14, 2022.
             Mangled by an ice beast (10 damage)
             ... on level 6 of the Dungeon.
             The game lasted 00:08:37 (8380 turns).

zeratav the Insei (Octopode Transmuter)             Turns: 8380, Time: 00:08:38

Health: -8/54      AC:  1    Str:  9    XL:     8   Next: 22%
Magic:  3/11       EV: 14    Int: 15    God:
Gold:   242        SH:  0    Dex: 15    Spells: 7/11 levels left

rFire   + . .      SeeInvis .   f - +0 dagger (venom) {short}
rCold   . . .      Faith    .   (no shield)
rNeg    . . .      Spirit   .   (helmet restricted)
rPois   .          Reflect  .   (no amulet)
rElec   .          Harm     .   i - ring of protection from fire
rCorr   .          Rampage  .   (no ring)
Will    .....                   (no ring)
Stlth   ++++......              (no ring)
HPRegen 0.18/turn               (no ring)
MPRegen 0.12/turn               (no ring)
                                (no ring)
                                (no ring)

@: no status effects
A: almost no armour, amphibious, 8 rings, camouflage 1, gelatinous body 1,
(nimble swimmer 1), tentacles
a: no special abilities


You were on level 6 of the Dungeon.
You visited 1 branch of the dungeon, and saw 6 of its levels.

You collected 242 gold pieces.


Innate Abilities, Weirdness & Mutations

You cannot wear most types of armour.
You are amphibious.
You can wear up to eight rings at the same time.
Your skin changes colour to match your surroundings (Stealth+).
Your rubbery body absorbs attacks. (AC +1, EV +1)
((You are camouflaged when in or above water. (Stealth+)))
You have tentacles for arms and can constrict up to eight enemies at once.


   Skills:
 + Level 3.6 Fighting
 + Level 4.3 Dodging
 - Level 5.0 Stealth
 + Level 3.1 Shields
 * Level 6.2 Unarmed Combat
 - Level 2.0 Spellcasting
 + Level 2.2 Transmutations
 + Level 0.4 Ice Magic


You had 7 spell levels left.
You knew the following spells:

 Your Spells              Type           Power      Damage    Failure   Level
a - Beastly Appendage     Tmut           16%        N/A       9%          1
b - Spider Form           Tmut/Pois      4%         N/A       38%         3

Your spell library contained the following spells:

 Spells                   Type           Power      Damage    Failure   Level
 Wereblood                Tmut           8%         N/A       14%         2
 Animate Skeleton         Necr           2%         N/A       22%         1
 Apportation              Tloc           2%         N/A       22%         1
 Magic Dart               Conj           4%         1d3       22%         1
 Pain                     Necr           4%         1d4       22%         1
 Summon Small Mammal      Summ           4%         N/A       22%         1
 Blink                    Tloc           2%         N/A       32%         2
 Call Imp                 Summ           1%         N/A       32%         2
 Call Canine Familiar     Summ           1%         N/A       54%         3
 Mephitic Cloud           Conj/Pois/Air  1%         N/A       54%         3
 Portal Projectile        Hex/Tloc       2%         N/A       54%         3
 Summon Guardian Golem    Hex/Summ       1%         N/A       54%         3
 Vampiric Draining        Necr           1%         2d6       54%         3
 Ice Form                 Ice/Tmut       5%         N/A       77%         4
 Blade Hands              Tmut           4%         N/A       94%         5
 Excruciating Wounds      Necr           0%         N/A       99%         5
 Manifold Assault         Tloc           1%         N/A       99%         5
 Storm Form               Tmut/Air       2%         N/A       100%        7

Inventory:

Hand Weapons
 f - a +0 dagger of venom (weapon) {short}
   (You found it on level 1 of the Dungeon)
 x - a +2 flail of draining {mace}
   (You took it off an orc on level 4 of the Dungeon)
Armour
 j - a +0 buckler
   (You found it on level 2 of the Dungeon)
Jewellery
 i - a ring of protection from fire (left tentacle)
   (You found it on level 2 of the Dungeon)
Wands
 s - a wand of polymorph (10)
   (You took it off Natasha on level 3 of the Dungeon)
 C - a wand of digging (8)
   (You found it on level 6 of the Dungeon)
Scrolls
 b - a scroll of vulnerability {unknown}
 c - a scroll of enchant weapon {unknown}
 d - a scroll of brand weapon {unknown}
 e - a scroll of fear {unknown}
 g - a scroll of immolation {unknown}
 h - 5 scrolls of identify {unknown}
 l - a scroll of fog {unknown}
 o - 3 scrolls of magic mapping {unknown}
 q - 2 scrolls of noise {unknown}
 u - a scroll of amnesia {unknown}
 w - a scroll of torment {unknown}
 y - a scroll of silence {unknown}
 A - a scroll of blinking {unknown}
 B - a scroll of teleportation {unknown}
Potions
 a - a potion of lignification {!q}
 k - a potion of attraction {unknown}
 m - a potion of might {unknown}
 n - a potion of mutation {unknown}
 p - a potion of curing {unknown}
 r - 2 potions of brilliance {unknown}
 t - 2 potions of flight {unknown}
 v - a potion of berserk rage {unknown}
 z - a potion of degeneration {unknown}

Dungeon Overview and Level Annotations

Branches:
Dungeon (6/15)
 Temple: D:4-7

Altars:
Cheibriados
Trog

Shops:
D:3

?
..........+...#.#
.
..........##..#.#
#
...........#..#.#
#
..########.#..#.#
# . #.#..#.# #
#.#..#.# #
#.#..#.###########
#)#..#.<.......)..
#@#..#############
####Y# ..# #o...#
#####.# #.####
#..<#.# #.#
#.###.# #.o #.#
#.# #.o #.###.#
#5.. #...#.# #...
#...'..


You could see an ice beast (very poisoned).


Message History

You take 1 damage, and now have 38/53 hp.
The orc attacks as you move away! The orc hits you with a +0 mace.
You feel sick.
You are no longer poisoned.
HP[-4]
You take 4 damage, and now have 34/53 hp.
HP[+1]
The orc attacks as you move away! The orc barely misses you.
MP[+1]
Casting: Spider Form (quite dangerous; 38% risk of failure)
Confirm with . or Enter, or press ? or * to list all spells.
The spell is quite dangerous to miscast (38% risk of failure)!
Continue anyway?
You turn into a venomous arachnid creature.
Your +0 dagger of venom {short} melds into your body.
Your +0 dagger of venom {short} stops dripping with poison.
The orc completely misses you.
MP[-3]
You lost 3 mp, and now have 0/11 mp.
You hit the orc. The orc hits you with a +0 mace!
HP[-7]
You take 7 damage, and now have 28/53 hp.
You hit the orc.
The orc is poisoned.
You kill the orc!
HP[+1]
You hit the orc.
The orc is poisoned.
The orc closely misses you.
You barely miss the orc.
Your transformation is almost over.
The orc completely misses you.
You hit the orc but do no damage.
The orc looks as sick as possible!
You kill the orc!
The orc hits you with a +0 hand axe.
Items here: )) [ †.
HP[-1]
You take 1 damage, and now have 28/53 hp.
You bite the orc!
You kill the orc!
MP[+1]
Things that are here:
a +0 hand axe {axe}; an orc corpse; HP[+1]
There are monsters nearby!
Things that are here:
a +0 hand axe {axe}; an orc corpse You barely miss the ufetubus.
The ufetubus closely misses you. x2
You hit the ufetubus. The ufetubus misses you.
The ufetubus completely misses you.
You closely miss the ufetubus.
Your transformation has ended.
Your +0 dagger of venom {short} unmelds from your body.
Your +0 dagger of venom {short} begins to drip with poison!
The ufetubus closely misses you. The ufetubus hits you.
* * * LOW HITPOINT WARNING * * *
The ufetubus closely misses you. x2
HP[-3]
You take 3 damage, and now have 26/53 hp.
You hit the ufetubus but do no damage. You grab the ufetubus.
You squeeze the ufetubus.
You kill the ufetubus!
HP[+1]
You now have 54 max hp (+1).
You barely miss the orc. You grab the orc. You tentacle-slap the orc.
You constrict the orc.
An ice beast comes into view.
The orc completely misses you.
You hit the orc.
The orc is poisoned.
You tentacle-slap the orc, but do no damage.
You constrict the orc.
You kill the orc!
MP[+1]
You hit the ice beast but do no damage. You squeeze the ice beast.
The ice beast barely misses you.
HP[+1]
You hit the ice beast but do no damage.
You squeeze the ice beast, but do no damage.
The ice beast barely misses you.
You hit the ice beast but do no damage. You squeeze the ice beast.
The ice beast completely misses you.
You hit the ice beast. The ice beast hits you.
* * * LOW HITPOINT WARNING * * *
The ice beast freezes you!
* * * LOW HITPOINT WARNING * * *
Your magical contamination has completely faded away.
HP[-13]
You take 13 damage, and now have 15/54 hp.
MASSIVE DAMAGE!! (PAUSE)
You completely miss the ice beast. The ice beast hits you.
* * * LOW HITPOINT WARNING * * *
The ice beast freezes you.
* * * LOW HITPOINT WARNING * * *
HP[-10]
You take 10 damage, and now have 5/54 hp.
You hit the ice beast but do no damage. The ice beast misses you.
Unknown command.
You hit the ice beast.
The ice beast is poisoned.
The ice beast barely misses you.
HP[+1]
You hit the ice beast but do no damage. Your squeeze misses the ice beast.
The ice beast hits you.
* * * LOW HITPOINT WARNING * * *
The ice beast freezes you!
You die...

Skill      XL: |  1  2  3  4  5  6  7 |
---------------+----------------------+-----
Stealth        | 1 2 3 4 5 |  5.0
Fighting       | 2 3 |  3.6
Unarmed Combat | 4 5 6 |  6.2
Shields        | 1 2 3 |  3.1
Dodging        | 3 4 |  4.3
Spellcasting   | |  2.0
Transmutations | |  2.2
Ice Magic      | |  0.4

Action                   |  1- 3 |  4- 6 |  7- 9 || total
-------------------------+-------+-------+-------++-------
Melee: Unarmed           |    31 |    33 |    96 ||   160
       Kick              |    21 |    10 |     2 ||    33
       Constrict         |    16 |    13 |    14 ||    43
       Tentacles         |     8 |     8 |    15 ||    31
       Punch             |     5 |     5 |     2 ||    12
       Dagger            |    35 |    49 |    47 ||   131
 Cast: Beastly Appendage |    22 |    11 |     4 ||    37
       Spider Form       |       |     6 |    16 ||    22
 Stab: Sleeping          |     6 |     5 |     3 ||    14
       Distracted        |       |       |     1 ||     1
Armor: Skin              |     2 |       |     5 ||     7
Dodge: Dodged            |    41 |    48 |   108 ||   197

Levels and vault maps discovered:
D:1:      minmay_arrival_jagged, layout_loops_ring,
          nicolae_ecumenical_snake_handling
D:2:      layout_basic, basic_altar, eino_curves_03, minmay_tripent,
          uniq_terence
D:3:      layout_loops_ring, marbit_many_paths, serial_shops, shop_scrolls,
          uniq_natasha
D:4:      layout_loops_corners, minmay_misc_feat_ornament, nrook_mini_vaults,
          hex_large
D:5:      layout_basic
D:6:      layout_basic

Notes
Turn   | Place    | Note
-------+----------+-------------------------------------------
     0 | D:1      | zeratav the Octopode Transmuter began the quest for the
                  | Orb.
     0 | D:1      | Reached XP level 1. HP: 13/13 MP: 3/3
     0 | D:1      | magus.rc [v1.9.6]
   324 | D:1      | Reached XP level 2. HP: 18/18 MP: 3/5
   360 | D:1      | Reached skill level 1 in Stealth
   590 | D:1      | You pick up a book of Weapons and begin reading...
   590 | D:1      | You add the spells Portal Projectile, Excruciating Wounds
                  | and Blade Hands to your library.
   700 | D:1      | You pick up a book of Necromancy and begin reading...
   700 | D:1      | You add the spells Pain, Animate Skeleton and Vampiric
                  | Draining to your library.
   727 | D:1      | You pick up a book of Callings and begin reading...
   727 | D:1      | You add the spells Summon Small Mammal, Call Canine
                  | Familiar and Summon Guardian Golem to your library.
   732 | D:1      | Found a faded altar of an unknown god.
   741 | D:1      | Reached XP level 3. HP: 19/23 MP: 6/6
  1739 | D:2      | HP: 3/24 [gnoll/+0 halberd (11)]
  1741 | D:2      | Reached skill level 2 in Stealth
  1741 | D:2      | Reached XP level 4. HP: 4/29 MP: 5/7
  2056 | D:2      | HP: 6/29 [gnoll/+0 halberd (12)]
  2314 | D:2      | Found a snail-covered altar of Cheibriados.
  2327 | D:2      | Noticed Terence
  2328 | D:2      | You add the spells Blink, Manifold Assault and Storm Form
                  | to your library.
  2338 | D:2      | Killed Terence
  2339 | D:2      | Reached skill level 2 in Fighting
  2339 | D:2      | Reached skill level 4 in Unarmed Combat
  2999 | D:2      | Reached XP level 5. HP: 34/34 MP: 6/8
  3087 | D:3      | Found Heumenga's Magic Scroll Shop.
  3107 | D:3      | You pick up a book of Callings and begin reading...
  3212 | D:3      | Noticed Natasha
  3221 | D:3      | Killed Natasha
  3222 | D:3      | Reached skill level 1 in Shields
  3292 | D:3      | Noticed a black bear
  3297 | D:3      | Learned a level 3 spell: Spider Form
  3304 | D:3      | Killed a black bear
  3305 | D:3      | Reached skill level 3 in Dodging
  3305 | D:3      | Reached skill level 3 in Stealth
  3305 | D:3      | Reached XP level 6. HP: 35/41 MP: 5/9
  3508 | D:3      | HP: 10/41 [gnoll/+0 halberd (16)]
  3550 | D:3      | Noticed Natasha
  3687 | D:3      | Killed Natasha
  3808 | D:3      | Found a bloodstained altar of Trog.
  4004 | D:3      | Noticed Natasha
  4011 | D:3      | Killed Natasha
  4590 | D:4      | Reached skill level 2 in Shields
  4659 | D:4      | Reached skill level 5 in Unarmed Combat
  4729 | D:4      | Reached skill level 4 in Stealth
  4729 | D:4      | Reached XP level 7. HP: 21/45 MP: 4/10
  4737 | D:4      | HP: 10/45 [ufetubus (3)]
  5101 | D:4      | Reached skill level 3 in Fighting
  5344 | D:4      | You pick up a book of Minor Magic and begin reading...
  5344 | D:4      | You add the spells Magic Dart, Call Imp and Mephitic Cloud
                  | to your library.
  6386 | D:5      | Entered Level 5 of the Dungeon
  6401 | D:5      | HP: 10/46 [gnoll/+0 spear (5)]
  6878 | D:5      | HP: 7/46 [gnoll/+0 spear (7)]
  7296 | D:5      | Reached skill level 4 in Dodging
  7442 | D:5      | Reached skill level 5 in Stealth
  7442 | D:5      | Reached skill level 3 in Shields
  7442 | D:5      | Reached skill level 6 in Unarmed Combat
  7442 | D:5      | Reached XP level 8. HP: 35/52 MP: 8/11
  7608 | D:5      | You pick up a book of Cantrips and begin reading...
  8377 | D:6      | HP: 11/54 [ice beast (4)]
  8377 | D:6      | HP: 5/54 [ice beast (6)]
  8380 | D:6      | HP: 2/54 [ice beast (4)]
  8380 | D:6      | Mangled by an ice beast

Vanquished Creatures
  A black bear (D:3)
  An ogre (D:4)
  A phantom (D:5)
  A necrophage (D:6)
  A scorpion (D:5)
  A howler monkey (D:5)
  4 hounds
  A gnoll shaman (D:5)
  An iguana (D:4)
  Natasha (thrice) (D:3)
  Terence (D:2)
  2 orc wizards (D:4)
  13 gnolls
  3 adders
  3 ufetubi
  A worm (D:2)
  5 dart slugs
  19 orcs
  5 ball pythons
  4 bats
  8 endoplasms
  4 giant cockroaches
  6 goblins
  3 hobgoblins
  2 jackals (D:4)
  5 kobolds
  4 quokkas
  3 frilled lizards
  2 rats
108 creatures vanquished.

Table legend:
 A = Non-vault XP
 B = Vault XP
 C = Vault XP percentage of total XP
 D = Non-vault monster count
 E = Vault monster count
 F = Vault count percentage of total count
                 A         B        C        D         E       F
            +---------+---------+-------+---------+---------+-------
      Total |    1362 |      93 |   6.4 |     101 |       7 |   6.5
            +---------+---------+-------+---------+---------+-------
        D:1 |      37 |       4 |   9.8 |      19 |       2 |   9.5
        D:2 |      87 |      39 |  31.0 |      18 |       3 |  14.3
        D:3 |     259 |      50 |  16.2 |      11 |       2 |  15.4
        D:4 |     379 |       0 |   0.0 |      24 |       0 |   0.0
        D:5 |     471 |       0 |   0.0 |      16 |       0 |   0.0
        D:6 |     129 |       0 |   0.0 |      13 |       0 |   0.0
            +---------+---------+-------+---------+---------+-------

Illustrated notes

Table legend:
 A = Kills in this place as a percentage of kills in entire the game.
 B = Kills by you in this place as a percentage of kills by you in the entire game.
 C = Kills by friends in this place as a percentage of kills by friends in the entire game.
 D = Other kills in this place as a percentage of other kills in the entire game.
 E = Experience gained in this place as a percentage of experience gained in the entire game.
 F = Experience gained in this place divided by the number of levels of this place that you have seen.
                   A       B       C       D       E      F
               +-------+-------+-------+-------+-------+----------------------
         Total | 100.0 | 100.0 |   N/A |   N/A | 100.0 | 242.5
       Dungeon | 100.0 | 100.0 |   N/A |   N/A | 100.0 | 242.5
               +-------+-------+-------+-------+-------+----------------------

Table legend: (Time is in decaauts)
 A = Elapsed time spent in this place.
 B = Non-inter-level travel time spent in this place.
 C = Inter-level travel time spent in this place.
 D = Time resting spent in this place.
 E = Time spent auto-exploring this place.
 F = Levels seen in this place.
 G = Mean time per level.
                   A        B        C        D        E       F      G
               +--------+--------+--------+--------+--------+-----+--------+
         Total |   8365 |   8247 |    118 |   3330 |   4008 |   6 | 1394.2 |
       Dungeon |   8365 |   8247 |    118 |   3330 |   4008 |   6 | 1394.2 |
               +--------+--------+--------+--------+--------+-----+--------+

Top non-repeatable levels by time:
     D:4: 2630 daAuts
     D:2: 1854 daAuts
     D:3: 1424 daAuts
     D:1: 1184 daAuts
     D:5: 898 daAuts
     D:6: 373 daAuts
